 Dungeon Crawl Stone Soup version 0.23.2 (webtiles) character file.

Game seed: 10149426854052511595

364 Gargoyl the Skirmisher (level 6, -7/52 HPs)
             Began as a Centaur Abyssal Knight on Apr 11, 2019.
             Was a Believer of Lugonu.
             Killed by divine providence
             ... invoked by an orc priest
              (12 damage)
             ... on level 4 of the Dungeon.
             The game lasted 00:05:30 (4068 turns).

Gargoyl the Skirmisher (Centaur Abyssal Knight)     Turns: 4068, Time: 00:05:31

Health: -7/52      AC:  8    Str: 15    XL:     6   Next: 39%
Magic:  17/17      EV:  7    Int: 11    God:    Lugonu [**....]
Gold:   211        SH:  0    Dex: 10    Spells: 5/5 levels left

rFire    . . .     SeeInvis .   a - +3 hand axe
rCold    . . .     Gourm    .   (no shield)
rNeg     . . .     Faith    .   f - +0 scale mail
rPois    .         Spirit   .   (no helmet)
rElec    .         Reflect  .   b - scarf {repulsion}
rCorr    .         Harm     .   d - +1 pair of gloves
MR       .....                  (no barding)
Stlth    ..........             (no amulet)
HPRegen  0.17/turn              j - ring of magical power
MPRegen  0.15/turn              (no ring)

@: repel missiles, very quick
A: large, hooves 3, deformed body, speed 2, tough skin 3
a: Depart the Abyss, Bend Space, Renounce Religion


You were on level 4 of the Dungeon.
You worshipped Lugonu.
Lugonu was pleased with you.
You were very hungry.

You visited 1 branch of the dungeon, and saw 5 of its levels.
You visited the Abyss 1 time.

You collected 211 gold pieces.

Inventory:

Hand Weapons
 a - a +3 hand axe (weapon)
Armour
 b - a scarf of repulsion (worn)
 d - a +1 pair of gloves (worn)
 f - a +0 scale mail (worn)
Jewellery
 j - a ring of magical power (left hand)
 q - an uncursed amulet of harm {unknown}
 r - a +4 ring of slaying
Scrolls
 e - a scroll of remove curse
 l - 2 scrolls of teleportation
 n - a scroll of enchant armour
 o - a scroll of enchant weapon
 p - a scroll of magic mapping {unknown}
Potions
 g - a potion of brilliance {unknown}
 h - a potion of might {unknown}
 i - a potion of berserk rage {unknown}
 k - a potion of curing
 m - a potion of heal wounds
Comestibles
 c - 12 rations


   Skills:
 + Level 3.8 Fighting
 + Level 3.4 Axes
 * Level 3.0 Armour
 * Level 2.0 Dodging
 * Level 3.3 Invocations


You had 5 spell levels left.
You didn't know any spells.
Your spell library was empty.

Dungeon Overview and Level Annotations

Branches:
Dungeon (5/15)
 Temple: D:4-7

Altars:
Dithmenos
Fedhas


Innate Abilities, Weirdness & Mutations

You have hooves in place of feet.
Armour fits poorly on your strangely shaped body.
You cover ground very quickly.
You have extremely tough skin. (AC +3)


Message History

The orc priest is heavily wounded.
The orc priest hits you but does no damage.
You barely miss the orc priest. Your kick misses the orc priest.
The orc priest is heavily wounded.
The howler monkey hoots and howls with incredible vigour!
You hear an angry hiss.
Your scale mail prevents you from hitting the orc.
You kick the orc!
You kill the orc!
Lugonu accepts your kill.
Your Armour skill increases to level 3!
The orc priest barely misses you.
The orc priest invokes the aid of Beogh against you.
Beogh smites you!
The orc priest calls down the wrath of Beogh upon you.
Beogh smites you!
* * * LOW HITPOINT WARNING * * *
The orc priest invokes the aid of Beogh against you.
Beogh smites you!
You die...

#.....# #...############
#.....# ####...#........o.#
#.....# #......##...#####.#
#.....## #.##...####..####..
#.....>### #.###.## ##....###
#........####.###.######h...#
#.....##..>...##...oo)o.o#..#
#.....##....###...########..##
#.....##.)..).@.#..##### #...#
########.#..#..........###.#.##
#..##..#....###...#..#...
#.####...##..##.......##.
####.# #######..##..##.....
#....# ##.#..#####.#.
######.#### ###....######)..
.......# #...............
......## ##..#.##########.


You could see an orc priest and an orc.

Vanquished Creatures
  2 hounds
  A centaur skeleton (D:4)
  An iguana (D:4)
  2 orc wizards (D:4)
  4 gnolls
  5 adders
  2 oozes
  5 worms
  4 dart slugs
  7 leopard geckos
  6 orcs (D:4)
  3 ball pythons
  7 bats
  2 giant cockroaches
  7 goblins
  4 hobgoblins
  2 quokkas
  5 frilled lizards
  8 kobolds
  A quokka skeleton (D:4)
  5 rats
83 creatures vanquished.

Vanquished Creatures (others)
  A starspawn tentacle (Abyss:2)
1 creature vanquished.

Grand Total: 84 creatures vanquished

Notes
Turn   | Place    | Note
-------+----------+-------------------------------------------
     0 | Abyss:1  | Gargoyl the Centaur Abyssal Knight began the quest for the
                  | Orb.
     0 | Abyss:1  | Reached XP level 1. HP: 19/19 MP: 2/2
   136 | Abyss:2  | Noticed a chaos spawn
   137 | Abyss:2  | Found a runed translucent door.
   153 | Abyss:2  | Noticed a tentacled starspawn
   158 | D:1      | Escaped the Abyss
   275 | D:1      | Reached XP level 2. HP: 25/26 MP: 3/3
   276 | D:1      | Reached * piety under Lugonu
   825 | D:1      | Reached XP level 3. HP: 29/31 MP: 4/4
   984 | D:2      | Reached skill level 1 in Dodging
  1508 | D:2      | Reached XP level 4. HP: 35/38 MP: 5/5
  1766 | D:2      | Found a blossoming altar of Fedhas.
  2194 | D:3      | Reached ** piety under Lugonu
  2253 | D:3      | Reached XP level 5. HP: 39/46 MP: 7/7
  2982 | D:4      | Found a shadowy altar of Dithmenos.
  3311 | D:4      | Reached XP level 6. HP: 52/52 MP: 8/8
  3453 | D:5      | Entered Level 5 of the Dungeon
  4068 | D:4      | Killed from afar by an orc priest

Skill      XL: |  1  2  3  4  5  6 |
---------------+-------------------+-----
Axes           | 2 3 |  3.4
Dodging        | 1 2 |  2.0
Armour         | 2 3 |  3.0
Invocations    | 3 |  3.3
Fighting       | |  3.8

Action                   |  1- 3 |  4- 6 || total
-------------------------+-------+-------++-------
Melee: Hand axe          |   120 |   154 ||   274
       Kick              |    10 |    30 ||    40
Invok: Depart the Abyss  |     1 |       ||     1
  Use: Scroll            |     6 |     3 ||     9
       Potion            |     2 |       ||     2
  Eat: Chunk             |       |     7 ||     7
Armor: Leather armour    |    31 |       ||    31
       Scale mail        |    87 |    96 ||   183
Dodge: Dodged            |    70 |    64 ||   134
